 Dungeon Crawl Stone Soup version 0.28-a0-1190-g77e1c55843 (webtiles) character file.

Game seed: 12655804326758999722

166954 porpoise the Eclecticist (level 17, -4/100 HPs)
             Began as a Deep Elf Conjurer on Dec 18, 2021.
             Was a High Priest of Vehumet.
             Slain by a spark wasp (13 damage)
             ... on level 4 of the Spider Nest on Dec 19, 2021.
             The game lasted 03:48:32 (48873 turns).

porpoise the Eclecticist (Deep Elf Conjurer)       Turns: 48873, Time: 03:48:33

Health: -4/100     AC:  8    Str:  8    XL:     17   Next: 30%
Magic:  30/48      EV: 17    Int: 28    God:    Vehumet [*****.]
Gold:   2958       SH: 10    Dex: 13    Spells: 14/48 levels left

rFire   + + .      SeeInvis +   a - staff of poison
rCold   + . .      Faith    .   e - +0 buckler {reflect}
rNeg    + + .      Spirit   .   u - +2 robe {rC+ rF+}
rPois   +          Reflect  +   M - +0 helmet {SInv}
rElec   .          Harm     .   p - +0 cloak
rCorr   .          Rampage  .   o - +0 pair of gloves
Will    ++...                   P - +0 pair of boots
Stlth   ++++......              n - amulet of reflection
HPRegen 0.26/turn               T - ring "Feonioph" {Fire rPois rN+}
MPRegen 0.31/turn               D - ring of Deguday {rC+ rN+ Will+ MP+9 Stlth-}

@: lethally poisoned (-4 -> -23), radiating poison, invisible
A: no striking features
a: Renounce Religion


You were on level 4 of the Spider Nest.
You worshipped Vehumet.
Vehumet was extremely pleased with you.
You visited 5 branches of the dungeon, and saw 28 of its levels.
You also visited: Gauntlet and Ice Cave.

You collected 2958 gold pieces.

Inventory:

Hand Weapons
 b - the +8 hunting sling of Ruination {flame, rCorr Int+2}
   (You found it on level 7 of the Dungeon)

   Any ammunition fired from it burns those it strikes, dealing additional fire
   damage.
   Int:       It affects your intelligence (+2).
   rCorr:     It protects you from acid and corrosion.
 J - a +0 fustibalus
Missiles
 i - 136 sling bullets
 w - 2 boomerangs of dispersal (quivered)
 z - 5 javelins
 O - 4 datura-tipped darts
Armour
 e - a +0 buckler of reflection (worn)
 o - a +0 pair of gloves (worn)
 p - a +0 cloak (worn)
 u - a +2 robe of resistance (worn)
 M - a +0 helmet of see invisible (worn)
 P - a +0 pair of boots (worn)
Magical Staves
 a - a staff of poison (weapon)
Jewellery
 g - a ring of flight
 n - an amulet of reflection (around neck)
 D - the ring of Deguday (right hand) {rC+ rN+ Will+ MP+9 Stlth-}
   (You found it in an ice cave)

   [ring of positive energy]

   rC:        It protects you from cold.
   rN:        It protects you from negative energy.
   MP:        It affects your magic capacity (+9).
   Will:      It increases your willpower.
   Stlth:     It makes you less stealthy.
 T - the ring "Feonioph" (left hand) {Fire rPois rN+}
   (You found it in a Gauntlet)

   [ring of fire]

   It enhances your fire magic.
   rF:        It protects you from fire.
   rC:        It makes you vulnerable to cold.
   rPois:     It protects you from poison.
   rN:        It protects you from negative energy.
Wands
 v - a wand of paralysis (3)
 A - a wand of mindburst (19)
 C - a wand of iceblast (19)
 E - a wand of flame (32)
 K - a wand of polymorph (16)
Scrolls
 d - 3 scrolls of magic mapping
 f - 5 scrolls of teleportation
 h - 2 scrolls of blinking
 m - a scroll of immolation
 q - a scroll of amnesia
 s - a scroll of summoning
 t - 2 scrolls of fear
 y - a scroll of enchant weapon
 B - 3 scrolls of vulnerability
 F - a scroll of fog
 G - a scroll of holy word
 Q - 3 scrolls of identify
Potions
 c - 4 potions of heal wounds
 k - 6 potions of haste
 l - 8 potions of curing
 r - 3 potions of lignification
 H - a potion of cancellation
 I - 2 potions of resistance
 L - 2 potions of attraction
 N - 2 potions of ambrosia
 R - a potion of brilliance
Miscellaneous
 j - a phial of floods


   Skills:
 - Level 9.0 Fighting
 - Level 4.0 Slings
 - Level 12.0 Dodging
 - Level 12.0 Stealth
 + Level 6.5 Shields
 - Level 16.0 Spellcasting
 - Level 12.0 Conjurations
 + Level 13.1 Hexes
 - Level 9.0 Translocations
 - Level 9.0 Transmutations
 + Level 10.1 Fire Magic
 - Level 5.0 Earth Magic
 - Level 9.0 Poison Magic
 - Level 7.0 Evocations


You had 14 spell levels left.
You knew the following spells:

 Your Spells              Type           Power      Damage    Failure   Level
a - Magic Dart            Conj           100%       1d8       0%          1
b - Searing Ray           Conj           100%       2d8       0%          2
c - Fulminant Prism       Conj/Hex       37%        3d18      1%          4
d - Iskenderun's Mystic   Conj/Tloc      69%        2d14      1%          4
f - Fireball              Conj/Fire      45%        3d18      1%          5
k - Blink                 Tloc           100%       N/A       1%          2
o - Olgreb's Toxic Radia  Pois           83%        N/A       1%          4
r - Irradiate             Conj/Tmut      34%        3d24      1%          5
s - Stone Arrow           Conj/Erth      100%       3d13      1%          3
w - Flame Wave            Conj/Fire      90%        2d13      1%          4

Your spell library contained the following spells:

 Spells                   Type           Power      Damage    Failure   Level
 Beastly Appendage        Tmut           100%       N/A       1%          1
 Sandblast                Erth           100%       2d20      1%          1
 Passwall                 Tmut/Erth      47%        N/A       1%          2
 Scorch                   Fire           100%       2d10      1%          2
 Wereblood                Tmut           64%        N/A       1%          2
 Dazzling Flash           Conj/Hex       100%       N/A       1%          3
 Portal Projectile        Hex/Tloc       100%       N/A       1%          3
 Spider Form              Tmut/Pois      83%        N/A       1%          3
 Blade Hands              Tmut           32%        N/A       1%          5
 Lightning Bolt           Conj/Air       27%        1d43      1%          5
 Manifold Assault         Tloc           64%        N/A       1%          5
 Silence                  Hex/Air        28%        N/A       4%          5
 Airstrike                Air            11%        N/A       6%          4
 Conjure Ball Lightning   Conj/Air       27%        3x3d8     8%          6
 Dispersal                Tloc           32%        N/A       9%          6
 Summon Lightning Spire   Summ/Air       22%        N/A       22%         4
 Agony                    Necr           22%        N/A       52%         5
 Excruciating Wounds      Necr           11%        N/A       52%         5
 Discord                  Hex            38%        N/A       54%         8
 Storm Form               Tmut/Air       23%        N/A       96%         7
 Summon Cactus Giant      Summ           11%        N/A       97%         6
 Disjunction              Tloc           32%        N/A       98%         8


Dungeon Overview and Level Annotations

Branches:
Dungeon (15/15)            Temple (1/1) D:6            Lair (6/6) D:9
  Swamp (0/4) Lair:3       Spider (4/4) Lair:3        Slime (0/5) Lair:5
    Orc (2/2) D:10            Elf (0/3) Orc:2        Vaults (0/5) D:13
 Depths (0/4) D:15          IceCv (visited)         Gauntlet (visited)

Altars:
Ashenzari
Cheibriados
Dithmenos
Elyvilon
Fedhas
Gozag
Hepliaklqana
Kikubaaqudgha
Makhleb
Nemelex Xobeh
Okawaru
Qazlal
Ru
Sif Muna
Trog
Uskayaw
Vehumet
Wu Jian
Xom
Yredelemnul
Zin
The Shining One
Beogh

Shops:
D:9 (   Orc:2 [[((

Annotations:
D:12 exclusion: downstairs
D:15 2 transporters, Fodd's ghost, adept GnDe
Spider:3 exclusion: downstairs
Spider:4 Aizul; Asterion; Mlioglotl


Message History

The spark wasp is moderately wounded.
The flame wave engulfs the spark wasp but does no damage.
The spark wasp is moderately wounded.
The flame wave engulfs Asterion!
Asterion is lightly wounded.
The flame wave engulfs the redback.
The redback is severely wounded. (Press . to intensify the flame waves.)
The tarantella is poisoned.
The redback looks even sicker.
The redback is poisoned.
The tarantella is poisoned.
The jumping spider looks even sicker. x2; The redback looks even sicker.
The wolf spider looks even sicker.
The redback looks even sicker.
The tarantella looks even sicker.
The wolf spider looks even sicker.
You feel very sick.
You hear an angry hiss. x2; You hear a hideous shriek!
You hear an angry hiss. x2
You hear a hideous shriek!
You hear an angry hiss.
You hear an angry buzzing noise.
Asterion hits you with a +3 broad axe of electrocution!!
You block Asterion's attack.
The spark wasp bursts into living lightning!
The living lightning misses the tarantella.
The living lightning misses you.
The living lightning hits the ghost moth!
The spark wasp blinks! x3; The spark wasp barely misses you.
The ghost moth barely misses you.
The ghost moth hits you but does no damage.
The ghost moth completely misses you. The redback bites you!
The spark wasp completely misses you.
A redback comes into view.
You block the redback's attack. You block the wolf spider's attack.
The wolf spider misses you.
Asterion says, "Your corpse will decorate my castle walls."
Asterion hits you with a +3 broad axe of electrocution!!
* * * LOW HITPOINT WARNING * * *
Asterion gores you.
* * * LOW HITPOINT WARNING * * *
The spark wasp stings you!
* * * LOW HITPOINT WARNING * * *
The spark wasp shocks you!
You die...

##^≈..ss.^^..
##^....ss..§s
#^.....s..ss##.
#.......sss.^.^
#.!....ssS.....
#!....y........
#.φ...syy......
#.?...s@ys≈.^..
##.^..yHs..##..
##.≈...sy....#
##.^..^^...^.
###^........
###^≈^....
......s ##.≈≈..


You could see Aizul, Asterion (fast, very poisoned), 2 ghost moths, 4 spark
wasps, 5 wolf spiders, 2 jumping spiders, 5 tarantellas and 7 redbacks.

Vanquished Creatures
  Donald (Spider:4)
  An azure jelly (IceCv)
  A fire giant (D:10)
  An orc warlord (Orc:2)
  An emperor scorpion (Spider:3)
  A ghost moth (Spider:3)
  A quicksilver ooze (IceCv)
  An ironbound preserver (D:13)
  Nessos (D:14)
  4 entropy weavers
  A dire elephant (D:15)
  A minotaur (Gauntlet)
  The ghost of Buqosi the Gelid, a journeyman BaIE of Vehumet (Lair:5)
  The ghost of Destinykillz the Carver, a journeyman DsFi of Gozag (Lair:5)
  Josephine (D:12)
  An ettin (D:10)
  21 hydras
  5 boulder beetles
  A rakshasa (D:15)
  6 catoblepae
  5 centaur warriors
  8 two-headed ogres
  Erica (Lair:1)
  14 death yaks
  2 orc high priests (Orc:2)
  A skeletal warrior (D:13)
  3 sixfirhies (Gauntlet)
  A death drake (Gauntlet)
  2 wizards
  An orc knight (D:10)
  11 ugly things
  18 orb spiders
  5 orc sorcerers
  2 deep elf pyromancers (D:14)
  A deep elf zephyrmancer (D:10)
  7 cyclopes
  18 wolf spiders
  23 elephants
  7 manticores
  A centaur zombie (D:10)
  A naga mage (D:15)
  Maurice (D:13)
  A moth of wrath (Spider:2)
  Joseph (D:10)
  3 spectral centaurs (Gauntlet)
  8 black mambas
  3 gargoyles
  An ice statue (IceCv)
  15 cane toads
  A torpor snail (Spider:2)
  An unseen horror (D:13)
  A freezing wraith (D:14)
  6 rime drakes
  4 entropy weaver simulacra (IceCv)
  An efreet (D:13)
  7 demonic crawlers
  A kobold demonologist (D:12)
  5 komodo dragons
  A troll (shapeshifter) (D:13)
  23 jumping spiders
  3 meliai (D:14)
  A polar bear (Lair:6)
  4 trolls
  17 hornets
  12 blink frogs
  31 slime creatures
  2 centaur simulacra
  31 tarantellas
  57 redbacks
  A spriggan (Lair:6)
  9 wraiths
  2 steam dragons (D:6)
  2 wyverns
  55 yaks
  4 basilisks
  9 vampire mosquitoes
  3 swamp worms (Lair:3)
  2 wargs (Orc:2)
  9 water moccasins
  An acid dragon (D:13)
  A spectral hornet (Gauntlet)
  22 orc warriors
  A sky beast (D:5)
  2 black bears
  5 ugly thing simulacra (IceCv)
  45 wolves
  A necrophage (D:6)
  4 ogres
  7 centaurs
  A phantom (D:6)
  3 kobold brigands
  A gnoll sergeant (D:9)
  14 bullfrogs
  5 scorpions (Spider:3)
  3 glowing shapeshifter simulacra (IceCv)
  A wyvern skeleton (D:7)
  A killer bee (D:10)
  14 wights
  2 electric eels (Lair:1)
  4 howler monkeys
  2 bullfrog zombies
  2 hounds
  4 jellies
  19 orc priests
  A centaur skeleton (D:7)
  4 iguanas
  Natasha (thrice) (D:3)
  28 orc wizards
  2 hell rats (Lair:2)
  A hound skeleton (D:5)
  2 howler monkey zombies
  5 gnolls
  4 adders
  11 river rats (Lair:2)
  A shadow imp (D:7)
  An adder skeleton (D:4)
  2 worms
  51 orcs
  6 ball pythons
  5 endoplasms
  2 giant cockroaches
  4 goblins
  10 hobgoblins
  12 jackals
  6 quokkas
  7 bats
  2 frilled lizards
  13 kobolds
  4 rats
  A spectral kobold (D:3)
  4 fulminant prisms
879 creatures vanquished.

Vanquished Creatures (others)
  297 fulminant prisms
  58 fungi
  89 plants
444 creatures vanquished.

Grand Total: 1323 creatures vanquished

Notes
Turn   | Place    | Note
-------+----------+-------------------------------------------
     0 | D:1      | porpoise the Deep Elf Conjurer began the quest for the Orb.
     0 | D:1      | Reached XP level 1. HP: 10/10 MP: 6/6
   143 | D:1      | You fall into a shaft and drop 1 floor!
   266 | D:1      | Reached XP level 2. HP: 15/15 MP: 6/8
   434 | D:1      | Learned a level 2 spell: Searing Ray
   513 | D:1      | Reached skill level 5 in Conjurations
   758 | D:1      | Found a faded altar of an unknown god.
  1165 | D:2      | Reached XP level 3. HP: 19/19 MP: 7/9
  1939 | D:3      | Noticed Natasha
  1962 | D:3      | Killed Natasha
  1963 | D:3      | Reached skill level 4 in Spellcasting
  1963 | D:3      | Reached XP level 4. HP: 24/24 MP: 8/12
  2088 | D:3      | Learned a level 4 spell: Fulminant Prism
  2093 | D:3      | Learned a level 4 spell: Iskenderun's Mystic Blast
  2117 | D:3      | Found a white marble altar of Elyvilon.
  2133 | D:3      | Found a shimmering altar of Xom.
  2295 | D:3      | Noticed Natasha
  2314 | D:3      | Killed Natasha
  2315 | D:3      | Reached skill level 1 in Hexes
  2464 | D:3      | Noticed Natasha
  2466 | D:3      | Killed Natasha
  2467 | D:3      | Reached XP level 5. HP: 28/28 MP: 9/13
  2779 | D:3      | Found an iron altar of Okawaru.
  2912 | D:3      | Found a hazy altar of Hepliaklqana.
  3472 | D:4      | Reached skill level 5 in Spellcasting
  3705 | D:4      | Learned a level 3 spell: Stone Arrow
  4195 | D:5      | Entered Level 5 of the Dungeon
  4202 | D:5      | Noticed an ogre
  4209 | D:5      | Killed an ogre
  4210 | D:5      | Reached XP level 6. HP: 32/32 MP: 5/16
  4307 | D:5      | Noticed a sky beast
  4313 | D:5      | Killed a sky beast
  4465 | D:5      | Reached skill level 6 in Spellcasting
  5171 | D:6      | Reached XP level 7. HP: 36/36 MP: 14/18
  5229 | D:6      | Reached skill level 5 in Hexes
  5276 | D:6      | Noticed a steam dragon
  5281 | D:6      | Killed a steam dragon
  5282 | D:6      | Reached skill level 5 in Stealth
  5282 | D:6      | Reached skill level 7 in Spellcasting
  5673 | D:6      | Found a staircase to the Ecumenical Temple.
  5682 | Temple   | Entered the Ecumenical Temple
  5752 | Temple   | Became a worshipper of Vehumet
  5863 | D:6      | Reached skill level 1 in Translocations
  6017 | D:6      | Reached XP level 8. HP: 41/41 MP: 12/20
  6167 | D:6      | Reached skill level 1 in Earth Magic
  6694 | D:6      | Found a stormy altar of Qazlal.
  7360 | D:7      | Identified the +8 hunting sling of Ruination {flame, rCorr
                  | Int+2}
  7773 | D:7      | Reached skill level 5 in Translocations
  8048 | D:8      | Noticed a two-headed ogre
  8057 | D:8      | Killed a two-headed ogre
  8058 | D:8      | Reached skill level 5 in Earth Magic
  8058 | D:8      | Reached XP level 9. HP: 17/46 MP: 0/21
  8338 | D:8      | Reached skill level 1 in Fighting
  8338 | D:8      | Reached skill level 1 in Evocations
  8438 | D:8      | Noticed a manticore
  8441 | D:8      | Killed a manticore
  8441 | D:8      | Reached * piety under Vehumet
  8441 | D:8      | Offered knowledge of Foxfire by Vehumet.
  8442 | D:8      | Reached skill level 8 in Spellcasting
  8913 | D:8      | Noticed a two-headed ogre
  8917 | D:8      | Killed a two-headed ogre
  8918 | D:8      | Reached skill level 9 in Spellcasting
 10084 | D:9      | Noticed a two-headed ogre
 10089 | D:9      | Killed a two-headed ogre
 10090 | D:9      | Reached XP level 10. HP: 58/58 MP: 15/25
 10393 | D:9      | Reached skill level 10 in Spellcasting
 10624 | D:9      | Offered knowledge of Poisonous Vapours by Vehumet.
 10627 | D:9      | Reached ** piety under Vehumet
 10631 | D:9      | Reached skill level 5 in Fighting
 10937 | D:9      | Noticed an elephant
 10949 | D:9      | Killed an elephant
 10950 | D:9      | Reached skill level 11 in Spellcasting
 10950 | D:9      | Reached skill level 5 in Evocations
 11434 | D:9      | Reached skill level 5 in Dodging
 12887 | D:9      | Found a staircase to the Lair.
 13380 | D:9      | Found Xeung's Weapon Shoppe.
 13442 | D:10     | Entered Level 10 of the Dungeon
 13460 | D:10     | Noticed a boulder beetle
 13744 | D:10     | Reached skill level 12 in Spellcasting
 13802 | D:10     | Noticed Joseph
 13810 | D:10     | Killed Joseph
 13817 | D:10     | Noticed a wolf spider
 13823 | D:10     | Killed a wolf spider
 13824 | D:10     | Reached XP level 11. HP: 11/63 MP: 11/29
 13855 | D:10     | Noticed a purple ugly thing
 14120 | D:10     | Identified the +4 double sword of the Doomed Warrior
                  | {flame, Fragile Str+9 SInv Stlth+}
 14144 | D:10     | Noticed a two-headed ogre
 14149 | D:10     | Noticed a two-headed ogre
 14150 | D:10     | Noticed an orc knight
 14246 | Lair:1   | Entered Level 1 of the Lair of Beasts
 14788 | D:10     | Noticed a deep elf zephyrmancer
 15157 | Lair:1   | Noticed a six-headed hydra
 15165 | Lair:1   | Killed a six-headed hydra
 15253 | Lair:1   | Noticed Erica
 15258 | Lair:1   | Killed Erica
 16474 | Lair:2   | Noticed a six-headed hydra
 16480 | Lair:2   | Killed a six-headed hydra
 16566 | Lair:2   | Offered knowledge of Conjure Flame by Vehumet.
 16909 | Lair:2   | Reached *** piety under Vehumet
 16982 | Lair:2   | Reached XP level 12. HP: 68/68 MP: 26/30
 17678 | Lair:3   | Found a hole to the Spider Nest.
 17708 | Lair:3   | Noticed a catoblepas
 17728 | Lair:3   | Killed a catoblepas
 17729 | Lair:3   | Reached skill level 10 in Conjurations
 18243 | Lair:3   | Offered knowledge of Olgreb's Toxic Radiance by Vehumet.
 18475 | Lair:3   | Noticed an eight-headed hydra
 18523 | Lair:3   | Killed an eight-headed hydra
 18603 | Lair:3   | Noticed a five-headed hydra
 18608 | Lair:3   | Killed a five-headed hydra
 18614 | Lair:3   | Learned a level 4 spell: Olgreb's Toxic Radiance
 18716 | Lair:3   | Found a staircase to the Swamp.
 18850 | Lair:3   | Reached skill level 1 in Poison Magic
 18942 | Lair:3   | Noticed a five-headed hydra
 18951 | Lair:3   | Killed a five-headed hydra
 18974 | Lair:3   | Noticed an eight-headed hydra
 19142 | Lair:3   | Killed an eight-headed hydra
 19511 | Lair:4   | Noticed a four-headed hydra
 19515 | Lair:4   | Killed a four-headed hydra
 19516 | Lair:4   | Reached skill level 13 in Spellcasting
 20208 | Lair:4   | Reached **** piety under Vehumet
 20471 | Lair:5   | Noticed a death yak
 20472 | Lair:5   | Reached XP level 13. HP: 76/76 MP: 25/32
 20478 | Lair:5   | Reached skill level 5 in Poison Magic
 20627 | Lair:5   | Offered knowledge of Hailstorm by Vehumet.
 20753 | Lair:5   | Reached skill level 14 in Spellcasting
 21390 | Lair:5   | Found a runed translucent gate.
 21390 | Lair:5   | Found a runed translucent gate.
 21390 | Lair:5   | Found a runed translucent gate.
 21394 | Lair:5   | Noticed Buqosi's ghost (journeyman BaIE)
 21395 | Lair:5   | Noticed Destinykillz's ghost (journeyman DsFi)
 21937 | Lair:5   | Identified a scroll of acquirement
 21937 | Lair:5   | Acquired a +0 buckler of reflection
 21972 | Lair:5   | Found a staircase to the Slime Pits.
 22469 | D:10     | Reached skill level 1 in Shields
 22488 | D:10     | Noticed an ettin
 22492 | D:10     | Killed an ettin
 23173 | D:10     | Learned a level 2 spell: Blink
 23496 | D:10     | Identified the +5 halberd of Luxury {elec, rN++ Str+3}
 23503 | D:10     | Found a staircase to the Orcish Mines.
 23723 | D:10     | Found an opulent altar of Gozag.
 23757 | D:10     | Reached skill level 1 in Slings
 23835 | D:10     | Noticed a fire giant
 24200 | D:10     | Killed a fire giant
 24725 | D:11     | Found a frozen archway.
 24732 | D:11     | Reached XP level 14. HP: 82/82 MP: 17/34
 24771 | IceCv    | Entered an ice cave
 25502 | IceCv    | Learned a level 4 spell: Flame Wave
 25508 | IceCv    | Reached skill level 10 in Hexes
 25523 | IceCv    | Reached ***** piety under Vehumet
 25914 | IceCv    | Noticed an azure jelly
 25919 | IceCv    | Killed an azure jelly
 26141 | IceCv    | Noticed a quicksilver ooze
 26145 | IceCv    | Offered knowledge of Irradiate by Vehumet.
 26145 | IceCv    | Killed a quicksilver ooze
 26207 | IceCv    | Found a viscous altar of Jiyva.
 26224 | IceCv    | Identified the ring of Deguday {rC+ rN+ Will+ MP+9 Stlth-}
 26231 | IceCv    | Got the ring of Wu Jian's Envy {rC+ Int+2}
 26232 | IceCv    | Identified the amulet of Affesaaj {Spirit *Slow rElec
                  | Slay+2 Stlth+}
 26237 | IceCv    | Identified the +9 ice dragon scales of the Trombone {-Tele
                  | Rampage rF- rC++ Str+5 SInv}
 27376 | D:12     | Found a gate leading to a gauntlet.
 27385 | D:12     | Noticed Josephine
 27392 | D:12     | Killed Josephine
 27421 | Gauntlet | Entered a Gauntlet
 27421 | Gauntlet | Found a large runed translucent door.
 27421 | Gauntlet | Found a large runed translucent door.
 27421 | Gauntlet | Found a large runed translucent door.
 27421 | Gauntlet | Found a large runed translucent door.
 27421 | Gauntlet | Found a large runed translucent door.
 27421 | Gauntlet | Found a large runed translucent door.
 27421 | Gauntlet | Found a runed translucent door.
 27421 | Gauntlet | Found a transporter.
 27421 | Gauntlet | Found a runed translucent door.
 27421 | Gauntlet | Found a large runed translucent door.
 27421 | Gauntlet | Found a large runed translucent door.
 27421 | Gauntlet | Found a large runed translucent door.
 27421 | Gauntlet | Found a large runed translucent door.
 27421 | Gauntlet | Found a large runed translucent door.
 27421 | Gauntlet | Found a large runed translucent door.
 27435 | Gauntlet | Found a runed translucent door.
 27437 | Gauntlet | Found a transporter.
 27439 | Gauntlet | Found a runed translucent door.
 27449 | Gauntlet | Found a transporter.
 27449 | Gauntlet | Noticed a reaper
 27453 | Gauntlet | Found a transporter.
 27463 | Gauntlet | Found a transporter.
 27483 | Gauntlet | Found a transporter.
 27486 | Gauntlet | Found a transporter.
 27490 | Gauntlet | Found a transporter.
 27492 | Gauntlet | Found a runed translucent gate.
 27492 | Gauntlet | Found a runed translucent gate.
 27493 | Gauntlet | Found a large runed translucent door.
 27493 | Gauntlet | Found a large runed translucent door.
 27494 | Gauntlet | Found a runed translucent gate.
 27513 | Gauntlet | Found a transporter.
 27521 | Gauntlet | Found a transporter.
 27521 | Gauntlet | Found a transporter.
 27523 | Gauntlet | Found a large runed translucent door.
 27523 | Gauntlet | Found a large runed translucent door.
 27529 | Gauntlet | Found a transporter.
 27549 | Gauntlet | Found a runed translucent door.
 27894 | Gauntlet | Identified the +5 kite shield "Zaojog" {rCorr}
 27901 | Gauntlet | Identified the ring "Feonioph" {Fire rPois rN+}
 27934 | Gauntlet | Identified the ring "Byqaeph" {rPois rC+ MP-9 Str+4 Int-3}
 28064 | Gauntlet | Identified the +7 flail of the Devouring Ass {flame, Str+4
                  | Int-2 SInv}
 28064 | Gauntlet | Identified the +3 chain mail of Idealism {rF++}
 28075 | Gauntlet | Reached skill level 1 in Fire Magic
 29016 | D:12     | Identified the +4 scale mail "Jyixt" {rElec Str+2}
 30641 | D:13     | Noticed Maurice
 30647 | D:13     | Killed Maurice
 30929 | D:13     | Reached XP level 15. HP: 87/90 MP: 35/35
 30945 | D:13     | Reached skill level 10 in Stealth
 31594 | D:13     | Found a gate to the Vaults.
 31997 | D:14     | Found a radiant altar of Vehumet.
 32302 | D:14     | Learned a level 5 spell: Irradiate
 32411 | D:14     | Reached skill level 1 in Transmutations
 33012 | D:14     | Noticed Nessos
 33016 | D:14     | Killed Nessos
 33722 | D:15     | Entered Level 15 of the Dungeon
 33767 | D:15     | Found a transporter.
 33770 | D:15     | Found a transporter.
 33770 | D:15     | Noticed Fodd's ghost (adept GnDe)
 34657 | D:15     | Found a staircase to the Depths.
 34883 | D:15     | Found a hide-covered altar of Uskayaw.
 34886 | D:15     | Found a shimmering altar of Xom.
 34886 | D:15     | Found a shimmering altar of Xom.
 34888 | D:15     | Found a sparkling altar of Nemelex Xobeh.
 34888 | D:15     | Found a shadowy altar of Dithmenos.
 34888 | D:15     | Found a stormy altar of Qazlal.
 35203 | Orc:1    | Entered Level 1 of the Orcish Mines
 35219 | Orc:1    | Reached skill level 5 in Fire Magic
 35462 | Orc:1    | Upgraded the game from 0.28-a0-1184-g53156a8862 to
                  | 0.28-a0-1190-g77e1c55843
 35604 | Orc:2    | Entered Level 2 of the Orcish Mines
 35942 | Orc:2    | Reached skill level 5 in Transmutations
 36443 | Orc:2    | Found a staircase to the Elven Halls.
 36490 | Orc:2    | Noticed an orc warlord
 36499 | Orc:2    | Offered knowledge of Ozocubu's Refrigeration by Vehumet.
 36507 | Orc:2    | Killed an orc warlord
 37845 | Orc:2    | Found Gakor's Antique Armour Emporium.
 37845 | Orc:2    | Found Jiudgheji's Weapon Shoppe.
 37849 | Orc:2    | Found Maev's Antique Armour Emporium.
 37849 | Orc:2    | Found Varropp's Antique Weapon Shoppe.
 38244 | D:10     | Found an opulent altar of Gozag.
 39159 | Lair:5   | Killed Destinykillz's ghost
 39160 | Lair:5   | Killed Buqosi's ghost
 39408 | Lair:6   | Entered Level 6 of the Lair of Beasts
 40236 | Lair:6   | Reached XP level 16. HP: 70/96 MP: 27/36
 40658 | Lair:6   | Reached skill level 10 in Dodging
 41014 | Lair:6   | Reached skill level 15 in Spellcasting
 41969 | Lair:6   | Offered knowledge of Orb of Destruction by Vehumet.
 42434 | Lair:6   | Identified the +4 scale mail of Purpose {Contam rElec Int+8
                  | SInv}
 43021 | Spider:1 | Entered Level 1 of the Spider Nest
 43027 | Spider:1 | Reached skill level 16 in Spellcasting
 44766 | Spider:2 | Reached skill level 5 in Shields
 44857 | Spider:2 | Offered knowledge of Fireball by Vehumet.
 44864 | Spider:2 | Learned a level 5 spell: Fireball
 46668 | Spider:3 | Reached XP level 17. HP: 100/100 MP: 39/39
 48574 | Spider:4 | Entered Level 4 of the Spider Nest
 48585 | Spider:4 | Noticed Donald
 48591 | Spider:4 | Killed Donald
 48602 | Spider:4 | Reached skill level 10 in Fire Magic
 48603 | Spider:4 | Noticed Mlioglotl
 48870 | Spider:4 | Noticed Asterion
 48870 | Spider:4 | Noticed Aizul
 48873 | Spider:4 | Slain by a spark wasp

Illustrated notes

Levels and vault maps discovered:
D:1:      nicolae_arrival_memento_mori, layout_rooms,
          shapermc_ecumenical_altar_notcrosses, st_stairs_11,
          amcnicky_mini_corridor_feature
D:2:      layout_rooms, dk_noncrumbling_4, minmay_domino_2
D:3:      layout_loops_ring, okawaru_altar_gauntlet_db,
          mainiacjoe_overflow_big_doors, nicolae_hepliaklqana_monster_ancestors,
          uniq_natasha
D:4:      layout_basic, st_stairs_4, lemuel_old_faithful
D:5:      layout_loops_cross, grunt_ministairs_9
D:6:      layout_gridville, marbit_many_paths, minmay_temple_entry_waves
D:7:      layout_loops_cross
D:8:      layout_basic, minmay_strange_pillars
D:9:      layout_loops_cross, david_lair_generic, serial_shops,
          kennysheep_little_box
D:10:     minmay_chopped_fan, layout_cave_pods, overflow_temple_1_default,
          david_orc_3, minmay_diced_spiral, uniq_joseph
D:11:     layout_cave_pools, portal_ice_cave_entry_pillars_2
D:12:     layout_irregular_city, gauntlet_entry_generic, uniq_josephine
D:13:     layout_rooms, skrybe_vaults_entry_preservation, uniq_maurice
D:14:     layout_loops_ring, vehumet_crystals, uniq_nessos
D:15:     hangedman_depths_entry_try_elsewhere_first, layout_basic,
          doesnt_xom_only_xom, gammafunk_ghost_arena
Temple:   kb_temple_of_zot
Lair:1:   layout_big_grid, dpeg_stationary_puzzle, lemuel_fruit_tree, uniq_erica
Lair:2:   layout_big_grid, st_stairs_10, kennysheep_rathole
Lair:3:   layout_gridlike, palyth_hydra_swamp_entry, dummy_spider_entry
Lair:4:   layout_regular_city, grunt_megastairs_2, serial_bayou_shore_a,
          lemuel_fruit_fields, infiniplex_staircase_pool_2
Lair:5:   layout_small_grid, dpeg_slime_entry_corner, gammafunk_ghost_cemetery,
          hangedman_lair_unloving_vines
Lair:6:   evilmike_catoblepas_cave, layout_cave_pods,
          grunt_forest_large_clearings
Spider:1: layout_spider_delve
Spider:2: layout_chambers
Spider:3: spiders_nest_scorpion_pit
Spider:4: grunt_spider_rune_parallel, uniq_aizul, uniq_donald, uniq_asterion,
          uniq_bai_suzhen, uniq_mlioglotl
Orc:1:    layout_caves
Orc:2:    st_orc_mages, layout_caves, basic_altar

Skill      XL: |  1  2  3  4  5  6  7  8  9 10 11 12 13 14 15 16 17 |
---------------+----------------------------------------------------+-----
Conjurations   | 5 7 9 11 12 | 12.0
Stealth        | 3 4 5 7 9 12 | 12.0
Spellcasting   | 4 5 6 7 9 12 13 14 16 | 16.0
Hexes          | 1 3 4 7 9 12 13 | 13.1
Translocations | 2 5 7 9 |  9.0
Earth Magic    | 5 |  5.0
Fighting       | 4 5 7 9 |  9.0
Evocations     | 3 5 7 |  7.0
Dodging        | 6 7 8 9 12 | 12.0
Poison Magic   | 4 9 |  9.0
Shields        | 4 5 6 |  6.5
Slings         | 3 4 |  4.0
Fire Magic     | 1 7 9 10 | 10.1
Transmutations | 7 9 |  9.0

Action                   |  1- 3 |  4- 6 |  7- 9 | 10-12 | 13-15 | 16-18 || total
-------------------------+-------+-------+-------+-------+-------+-------++-------
Melee: Staff             |       |       |       |       |       |     3 ||     3
 Fire: Hunting sling     |       |       |    21 |   153 |   160 |    27 ||   361
Throw: Dart              |       |     5 |       |     3 |       |       ||     8
 Cast: Magic Dart        |    50 |    24 |       |       |     1 |       ||    75
       Searing Ray       |     7 |    33 |    21 |    26 |    42 |    16 ||   145
       Stone Arrow       |       |       |    38 |   104 |   251 |   131 ||   524
       Fulminant Prism   |       |       |     9 |    64 |   163 |    65 ||   301
       Iskenderun's Myst |       |       |     1 |    35 |   103 |    56 ||   195
       Olgreb's Toxic Ra |       |       |       |       |    53 |    80 ||   133
       Flame Wave        |       |       |       |       |     2 |     5 ||     7
       Irradiate         |       |       |       |       |    11 |    16 ||    27
       Fireball          |       |       |       |       |       |     7 ||     7
Evoke: Wand              |       |       |       |     4 |     8 |     6 ||    18
  Use: Scroll            |     4 |     3 |     4 |     5 |    16 |     6 ||    38
       Potion            |       |       |       |     1 |     1 |     3 ||     5
Armor: Robe              |     3 |     2 |       |       |     4 |    19 ||    28
       Steam dragon scal |       |       |     4 |     8 |    14 |       ||    26
Dodge: Dodged            |    10 |     7 |    17 |    34 |    95 |    68 ||   231
Block: Other             |     4 |     6 |     3 |    10 |     3 |       ||    26
       Reflection        |       |     3 |       |       |    21 |       ||    24
       Buckler           |       |       |       |       |    90 |    59 ||   149

Table legend: (Time is in decaauts)
 A = Elapsed time spent in this place.
 B = Non-inter-level travel time spent in this place.
 C = Inter-level travel time spent in this place.
 D = Time resting spent in this place.
 E = Time spent auto-exploring this place.
 F = Levels seen in this place.
 G = Mean time per level.
                   A        B        C        D        E       F      G
               +--------+--------+--------+--------+--------+-----+--------+
         Total |  49007 |  46537 |   2470 |  24591 |  15017 |  30 | 1633.6 |
       Dungeon |  25606 |  24238 |   1368 |  12717 |   8966 |  15 | 1707.1 |
        Temple |     91 |     70 |     21 |      0 |     53 |   1 |   91.0 |
          Lair |  12625 |  11722 |    903 |   6158 |   3426 |   6 | 2104.2 |
   Spider Nest |   5410 |   5300 |    110 |   2898 |   1694 |   4 | 1352.5 |
  Orcish Mines |   2643 |   2577 |     66 |   1145 |    504 |   2 | 1321.5 |
      Ice Cave |   1676 |   1676 |      0 |   1166 |    210 |   1 | 1676.0 |
      Gauntlet |    953 |    953 |      0 |    505 |    163 |   1 |  953.0 |
               +--------+--------+--------+--------+--------+-----+--------+

Top non-repeatable levels by time:
     D:9: 4026 daAuts
    D:10: 3941 daAuts
  Lair:6: 2777 daAuts
  Lair:1: 2529 daAuts
     D:8: 2282 daAuts
Spider:2: 2267 daAuts
    D:12: 2179 daAuts
Spider:3: 2138 daAuts
   Orc:2: 2123 daAuts
  Lair:5: 2072 daAuts
  Lair:3: 1898 daAuts
    D:14: 1809 daAuts
  Lair:4: 1680 daAuts
   IceCv: 1676 daAuts
  Lair:2: 1666 daAuts
